 Dungeon Crawl Stone Soup version 0.19.1 (webtiles) character file.

146 Lilleppy the Twirler (level 5, 0/39 HPs)
             Began as a Demonspawn Gladiator on Dec 10, 2016.
             Slain by an ogre
             ... wielding a +0 giant spiked club
              (6 damage)
             ... on level 4 of the Dungeon.
             The game lasted 00:06:13 (3266 turns).

Lilleppy the Twirler (Demonspawn Gladiator)         Turns: 3266, Time: 00:06:14

Health: 0/39       AC: 15    Str: 16    XL:     5   Next: 7%
Magic:  5/5        EV:  5    Int:  9    God:
Gold:   179        SH:  0    Dex: 14    Spells: 0 memorised, 4 levels left

rFire  . . .     SeeInvis +     a - +1 quarterstaff
rCold  . . .     Gourm    .     k - +2 plate armour
rNeg   . . .     Faith    .     (shield currently unavailable)
rPois  .         Spirit   .     (helmet restricted)
rElec  .         Reflect  .     (no cloak)
rCorr  .         Harm     .     (no gloves)
MR     .....                    (no boots)
Stlth  ..........               (no amulet)
                                c - ring of see invisible
                                j - +3 ring of protection

@: no status effects
A: antennae 1, spiny 1
a: no special abilities


You were on level 4 of the Dungeon.
You were not hungry.

You visited 1 branch of the dungeon, and saw 4 of its levels.

You collected 179 gold pieces.

Inventory:

Hand Weapons
 a - a +1 quarterstaff (weapon)
Missiles
 d - 3 throwing nets (quivered)
Armour
 k - a +2 plate armour (worn)
Jewellery
 c - a ring of see invisible (right hand)
 j - a +3 ring of protection (left hand)
Scrolls
 g - a scroll of identify
 h - a scroll of random uselessness
 l - 4 scrolls of remove curse
 m - a scroll of blinking
Potions
 e - 3 potions of curing
 p - 2 potions of brilliance {unknown}
 q - a potion of cancellation {unknown}
 r - a potion of invisibility {unknown}
 s - 3 potions of degeneration {unknown}
 t - 2 potions of lignification {unknown}
 v - a potion of mutation {unknown}
 w - a potion of agility {unknown}
 x - 2 potions of haste {unknown}
Books
 y - a book of Changes

   Spells                             Type                      Level
   a - Beastly Appendage              Transmutation                1
   b - Sticks to Snakes               Transmutation                2
   c - Spider Form                    Transmutation/Poison         3
   d - Ice Form                       Ice/Transmutation            4
   e - Blade Hands                    Transmutation                5
Comestibles
 b - a meat ration
 f - a beef jerky


   Skills:
 + Level 2.5 Fighting
 + Level 4.1 Staves
 + Level 1.9 Throwing
 + Level 2.0 Armour
 + Level 3.0 Dodging
 + Level 0.2 Stealth


You had 4 spell levels left.
You didn't know any spells.

Dungeon Overview and Level Annotations

Branches:
Dungeon (4/15)
 Temple: D:4-7

Altars:
Cheibriados


Innate Abilities, Weirdness & Mutations

You have a pair of small antennae on your head.
You are partially covered in sharp spines.


Message History

You have reached level 5!
Your demonic ancestry asserts itself...
Sharp spines emerge from parts of your body.
Your plate armour prevents you from hitting the orc.
The orc hits you but does no damage.
You sock the orc!
You kill the orc!
You hit the ogre.
The ogre is lightly wounded.
The ogre hits you with a giant spiked club!
* * * LOW HITPOINT WARNING * * *
You hit the ogre.
The ogre is moderately wounded.
The ogre hits you but does no damage.
You sock the ogre!
The ogre is severely wounded.
You hit the ogre.
The ogre is almost dead.
The ogre hits you with a giant spiked club.
You die...

#...OP.#### #....... #......#
#....... #.....## #.......
#..o..# ####....
#.o...###############.##
#.....................#
.######.{...#################
%.?.....#############
...........oO@.......
........#############
#########


You could see an ogre and an orc priest.

Vanquished Creatures
  A hound (D:4)
  An orc priest (D:4)
  An ooze (D:1)
  A worm (D:3)
  A dart slug (D:1)
  3 leopard geckos
  8 orcs
  A ball python (D:3)
  4 giant cockroaches
  4 goblins
  8 hobgoblins
  4 jackals (D:2)
  A quokka (D:3)
  8 bats
  2 frilled lizards (D:3)
  5 kobolds
  A quokka skeleton (D:4)
  11 rats
65 creatures vanquished.

Notes
Turn   | Place    | Note
-------+----------+-------------------------------------------
     0 | D:1      | Lilleppy the Demonspawn Gladiator began the quest for the Orb.
     0 | D:1      | Reached XP level 1. HP: 16/16 MP: 1/1
   100 | D:1      | Gained mutation: You have a pair of small antennae on your head. [demonic ancestry]
   100 | D:1      | Reached XP level 2. HP: 22/22 MP: 2/2
   154 | D:1      | Reached skill level 3 in Staves
  1051 | D:2      | Reached XP level 3. HP: 28/28 MP: 3/3
  1190 | D:2      | Found a snail-covered altar of Cheibriados.
  1421 | D:2      | Reached skill level 1 in Armour
  2733 | D:3      | Reached XP level 4. HP: 34/34 MP: 4/4
  3233 | D:4      | Noticed an ogre
  3260 | D:4      | Reached skill level 4 in Staves
  3260 | D:4      | Gained mutation: You are partially covered in sharp spines. [demonic ancestry]
  3260 | D:4      | Reached XP level 5. HP: 19/39 MP: 5/5
  3266 | D:4      | Slain by an ogre

Skill      XL: |  1  2  3  4 |
---------------+-------------+-----
Staves         | 3 4 |  4.1
Armour         | 1 2 |  2.0
Dodging        | 3 |  3.0
Fighting       | |  2.5
Throwing       | |  1.9
Stealth        | |  0.2

Action                   |  1- 3 |  4- 6 || total
-------------------------+-------+-------++-------
Melee: Quarterstaff      |   143 |    48 ||   191
  Use: Scroll            |    10 |       ||    10
       Potion            |     1 |       ||     1
  Eat: Bread ration      |     1 |     1 ||     2
Armor: Leather armour    |     5 |       ||     5
       Plate armour      |   109 |    32 ||   141
Dodge: Dodged            |    50 |    14 ||    64
